 Dungeon Crawl Stone Soup version 0.29.1-1-gd02db6906a (webtiles) character file.

Game seed: 9160163096023816688

74 112233 the Digger (level 4, -10/26 (27) HPs)
             Began as an Octopode Earth Elementalist on Oct 11, 2022.
             Mangled by a wight
             ... wielding a +0 long sword
              (13 damage)
             ... on level 2 of the Dungeon.
             The game lasted 00:01:15 (2113 turns).

112233 the Digger (Octopode Earth Elementalist)     Turns: 2113, Time: 00:01:17

HP:   -10/26 (27)   AC:  1    Str:  7    XL:     4   Next: 30%
MP:   5/8           EV: 13    Int: 19    God:
Gold: 69            SH:  0    Dex: 12    Spells: 8/9 levels left

rFire   . . .      SeeInvis .   (no weapon)
rCold   . . .      Faith    .   (no shield)
rNeg    . . .      Spirit   .   (helmet restricted)
rPois   .          Reflect  .   (no amulet)
rElec   .          Harm     .   j - ring of flight
rCorr   .          Rampage  .   (no ring)
Will    .....                   (no ring)
Stlth   +++.......              (no ring)
HPRegen 0.08/turn               (no ring)
MPRegen 0.11/turn               (no ring)
                                (no ring)
                                (no ring)

@: flying, lightly drained
A: almost no armour, amphibious, 8 rings, camouflage 1, gelatinous body 1,
(nimble swimmer 1), tentacles
a: no special abilities


You were on level 2 of the Dungeon.
You visited 1 branch of the dungeon, and saw 3 of its levels.

You collected 69 gold pieces.

Inventory:

Armour
 p - a +0 buckler
Jewellery
 j - a ring of flight (left tentacle)
Wands
 g - a wand of flame (5)
Scrolls
 a - a scroll of fog {unknown}
 b - a scroll of blinking {unknown}
 c - 6 scrolls of identify {unknown}
 e - a scroll of enchant weapon {unknown}
 f - a scroll of vulnerability {unknown}
 h - a scroll of torment {unknown}
 i - 2 scrolls of fear {unknown}
 n - a scroll of poison {unknown}
 o - 3 scrolls of immolation {unknown}
Potions
 d - 2 potions of curing
 k - 4 potions of heal wounds {unknown}
 l - a potion of degeneration {unknown}
 m - a potion of might {unknown}


   Skills:
 - Level 2.0 Dodging
 - Level 2.7 Stealth
 + Level 3.2 Spellcasting
 - Level 1.0 Transmutations
 + Level 4.1 Earth Magic


You had 8 spell levels left.
You knew the following spells:

 Your Spells              Type           Power      Damage    Failure   Level
a - Sandblast             Erth           36%        2d10      2%          1

Your spell library contained the following spells:

 Spells                   Type           Power      Damage    Failure   Level
 Passwall                 Tmut/Erth      10%        N/A       8%          2
 Stone Arrow              Conj/Erth      20%        3d8       19%         3
 Petrify                  Tmut/Erth      12%        N/A       45%         4


Dungeon Overview and Level Annotations

Branches:
Dungeon (3/15)

Altars:
Ru

Annotations:
D:2 1 runed translucent door, exclusion: upstairs, Crazy Yiuf


Innate Abilities, Weirdness & Mutations

You cannot wear most types of armour.
You are amphibious.
You can wear up to eight rings at the same time.
Your skin changes colour to match your surroundings (Stealth+).
Your rubbery body absorbs attacks. (AC +1, EV +1)
((You are camouflaged when in or above water. (Stealth+)))
You have tentacles for arms and can constrict up to eight enemies at once.


Message History

The blast of sand hits the wight.
The wight is lightly damaged.
The wight misses you.
There is an escape hatch in the ceiling here.
The wight misses you. A mysterious force pulls you upwards.
The hatch slams shut behind you.
Level annotation: 1 runed translucent door, exclusion: upstairs, Crazy Yiuf Unknown command.
Casting: Sandblast (safe; 2% risk of failure)
Confirm with . or Enter, or press ? or * to list all spells.
Aiming: Sandblast (safe; 2% risk of failure)
Press: ? - help, Shift-Dir - straight line, f - wight
Aim: a wight, wielding a +0 long sword and wearing a +0 robe (lightly damaged, 82% to hit)
The blast of sand hits the wight but does no damage.
The wight is lightly damaged.
The wight closely misses you.
The wight hits you with a +0 long sword!
Casting: Sandblast (safe; 2% risk of failure)
Confirm with . or Enter, or press ? or * to list all spells.
Aiming: Sandblast (safe; 2% risk of failure)
Press: ? - help, Shift-Dir - straight line, f/p - wight
Aim: a wight, wielding a +0 long sword and wearing a +0 robe (lightly damaged, 82% to hit)
The blast of sand misses the wight.
The wight barely misses you.
Unknown command.
Unknown command.
Unknown command.
Casting: Sandblast (safe; 2% risk of failure)
Confirm with . or Enter, or press ? or * to list all spells.
Aiming: Sandblast (safe; 2% risk of failure)
Press: ? - help, Shift-Dir - straight line, f/p - wight
Aim: a wight, wielding a +0 long sword and wearing a +0 robe (lightly damaged, 82% to hit)
The blast of sand hits the wight but does no damage.
The wight is lightly damaged.
The wight hits you with a +0 long sword!
* * * LOW HITPOINT WARNING * * *
You feel drained.
* * * LOW HITPOINT WARNING * * *
The wight hits you with a +0 long sword!
Ouch! That really hurt!
You die...

########....###.# #.# #.##.##.#
#...............###.###.##.##.#
###########.###.........##.##.#
#.# #.###.######.##.# #.# #.#
#.# #.##.## #.# #.# #.# #.##.#.
#.# #.# #.# #.##.#. #####.# #z#
#.# #.##.#. #.....# #@###.#
#.##.#. #.##### #.#...# #.##.#.
######.# #.#.#.# #.##.#.
#......# #.#.########......
###.####<# #...............#.
....# ### ###.##############
##### #.# #........ # #.#
#.####### #.######.##


You could see a wight.

Vanquished Creatures
  Jessica (D:2)
  A dart slug (D:1)
  5 bats
  5 endoplasms
  2 giant cockroaches
  A goblin (D:1)
  5 hobgoblins
  8 jackals
  A quokka (D:1)
  4 ball pythons
  4 frilled lizards (D:1)
  A kobold (D:1)
  2 rats (D:1)
40 creatures vanquished.

Notes
Turn   | Place    | Note
-------+----------+-------------------------------------------
     0 | D:1      | 112233 the Octopode Earth Elementalist began the quest for
                  | the Orb.
     0 | D:1      | Reached XP level 1. HP: 11/11 MP: 3/3
   309 | D:2      | Noticed Jessica
   311 | D:2      | Killed Jessica
   312 | D:2      | Reached XP level 2. HP: 17/17 MP: 1/5
   312 | D:2      | Reached XP level 3. HP: 21/21 MP: 1/7
   491 | D:2      | Found a sacrificial altar of Ru.
   731 | D:2      | Found a runed translucent door.
  1132 | D:1      | Found a faded altar of an unknown god.
  1201 | D:1      | Reached XP level 4. HP: 27/27 MP: 4/8
  1386 | D:1      | Reached skill level 4 in Earth Magic
  2009 | D:2      | Noticed Crazy Yiuf
  2113 | D:2      | Mangled by a wight

Illustrated notes

Levels and vault maps discovered:
D:1:      lemuel_arrival_hallway, layout_basic, ebering_ecumenical_altar_mist
D:2:      layout_basic, basic_altar, uniq_crazy_yiuf_cottage, uniq_jessica
D:3:      layout_basic, xom_confusion_cloud, tgw_sif, st_stairs_1

Skill      XL: |  1  2  3  4 |
---------------+-------------+-----
Spellcasting   | 3 |  3.2
Earth Magic    | 4 |  4.1
Dodging        | |  2.0
Stealth        | |  2.7
Transmutations | |  1.0

Action                   |  1- 3 |  4- 6 || total
-------------------------+-------+-------++-------
Melee: Unarmed           |     5 |       ||     5
       Tentacles         |     2 |       ||     2
       Constrict         |     1 |       ||     1
 Cast: Sandblast         |    31 |    19 ||    50
  Use: Potion            |     2 |       ||     2
Armor: Skin              |     2 |     1 ||     3
Dodge: Dodged            |    13 |     7 ||    20
